 Dungeon Crawl Stone Soup version 0.19-a0-1908-g43c011f (webtiles) character file.

219 Jorund the Chopper (level 5, 57/57 HPs)
             Began as a Demonspawn Gladiator on Oct 22, 2016.
             Quit the game on level 4 of the Dungeon.
             The game lasted 00:06:32 (3543 turns).

Jorund the Chopper (Demonspawn Gladiator)           Turns: 3543, Time: 00:06:32

Health: 57/57      AC:  9    Str: 22    XL:     5   Next: 63%
Magic:  5/5        EV:  9    Int:  9    God:
Gold:   143        SH:  0    Dex: 15    Spells: 0 memorised, 4 levels left

rFire  . . .     SeeInvis .     a - +2 war axe
rCold  + . .     Gourm    .     l - +0 chain mail
rNeg   + . .     Faith    .     (no shield)
rPois  .         Spirit   .     c - +0 helmet
rElec  .         Reflect  .     (no cloak)
rCorr  .         Harm     .     (no gloves)
MR     .....                    (no boots)
Stlth  ..........               (no amulet)
                                f - ring of positive energy
                                g - ring of protection from cold

@: confused, berserking, very quick
A: thin skeletal structure 1, nightstalker 1, powered by pain 1
a: no special abilities


You were on level 4 of the Dungeon.
You were not hungry.

You visited 1 branch of the dungeon, and saw 4 of its levels.

You collected 143 gold pieces.

Inventory:

Hand Weapons
 a - a +2 war axe (weapon)
 u - a +0 blowgun
Missiles
 d - 3 throwing nets (quivered)
 v - 18 poisoned needles
Armour
 c - a +0 helmet (worn)
 j - a +0 buckler
 l - a +0 chain mail (worn)
Magical Staves
 s - an uncursed staff of poison {unknown}
Jewellery
 f - a ring of positive energy (right hand)
 g - a ring of protection from cold (left hand)
Scrolls
 k - a scroll of teleportation
 p - 2 scrolls of remove curse
 w - a scroll of blinking {unknown}
Potions
 i - 2 potions of curing
 o - a potion of brilliance
 r - 2 potions of cancellation {unknown}
 t - a potion of heal wounds {unknown}
 x - a potion of might {unknown}
 A - a potion of degeneration {unknown}
 B - 3 potions of flight {unknown}
Comestibles
 h - a meat ration
 z - 4 fruits


   Skills:
 - Level 2.0 Fighting
 + Level 5.2 Axes
 - Level 1.7 Throwing
 + Level 2.2 Armour
 - Level 2.6 Dodging


You had 4 spell levels left.
You didn't know any spells.

Dungeon Overview and Level Annotations

Branches:
Dungeon (4/15)
 Temple: D:4-7

Altars:
Dithmenos
Makhleb


Innate Abilities, Weirdness & Mutations

You have a somewhat thin skeletal structure. (Dex +2, Stealth)
You are slightly more attuned to the shadows.
You sometimes gain a little power by taking damage.


Message History

You see here a trident.
You start resting.
You feel a little less mighty now.
Unknown command.
You start resting.
HP restored.
Unknown command.
It was a potion of mutation.
You feel extremely strange.
You feel less energetic.
Your toenails lengthen and sharpen.
You feel robust.
It was a potion of cure mutation.
It has a very clean taste.
Your talons dull and shrink into feet.
You feel frail.
You feel more energetic.
It was a potion of ambrosia.
You are confused.
You feel invigorated.
It was a potion of magic.
Magic courses through your body.
It was a potion of berserk rage.
A red film seems to cover your vision as you go berserk!
You feel yourself moving faster!
You feel mighty!
You are too berserk!
Are you sure you want to abandon this character and quit the game? (Confirm with "yes".)

# .# # ###.# #.# #... ...#
###################)##....#
#.......#......)@..))......
#.###.#<#.####.#.##.#....##
#.###.#.#.# #.#.##.....|#
#...#.#.#.# #.#.........#
#.#.#.#.#.# #.#######...#
###.#.#.#.# #.. .....
#...#...#.# #### #####
#.#######.# #.........#


There were no monsters in sight!

Vanquished Creatures
  An orc priest (D:4)
  2 orc wizards (D:4)
  3 gnolls
  4 adders (D:2)
  An ooze (D:2)
  2 worms (D:3)
  2 dart slugs
  A leopard gecko (D:1)
  An orc (D:4)
  4 giant cockroaches
  8 goblins
  5 hobgoblins
  8 kobolds
  2 quokkas (D:2)
  A ball python (D:1)
  6 bats
  2 frilled lizards (D:2)
  8 rats
61 creatures vanquished.

Notes
Turn   | Place    | Note
-------+----------+-------------------------------------------
     0 | D:1      | Jorund the Demonspawn Gladiator began the quest for the Orb.
     0 | D:1      | Reached XP level 1. HP: 16/16 MP: 1/1
    93 | D:1      | Reached skill level 3 in Axes
   111 | D:1      | Gained mutation: You sometimes gain a little power by taking damage. [demonic ancestry]
   111 | D:1      | Reached XP level 2. HP: 13/22 MP: 2/2
   887 | D:2      | Found a burning altar of Makhleb.
   902 | D:2      | Reached XP level 3. HP: 25/27 MP: 3/3
   959 | D:2      | Found a burning altar of Makhleb.
   959 | D:2      | Noticed an Executioner
  1103 | D:2      | Found a shadowy altar of Dithmenos.
  1313 | D:2      | Reached skill level 4 in Axes
  1385 | D:2      | Reached skill level 1 in Armour
  1495 | D:2      | Gained mutation: You are slightly more attuned to the shadows. [demonic ancestry]
  1495 | D:2      | Reached XP level 4. HP: 18/33 MP: 4/4
  3363 | D:4      | Gained mutation: You have a somewhat thin skeletal structure. (Dex +2, Stealth) [demonic ancestry]
  3363 | D:4      | Reached XP level 5. HP: 33/38 MP: 5/5
  3379 | D:4      | Reached skill level 5 in Axes
  3538 | D:4      | Gained mutation: Your magical capacity is low. (-10% MP) [potion of mutation]
  3538 | D:4      | Gained mutation: You have sharp toenails. [potion of mutation]
  3538 | D:4      | Gained mutation: You are robust. (+10% HP) [potion of mutation]
  3539 | D:4      | Lost mutation: You have sharp toenails. [potion of cure mutation]
  3539 | D:4      | Lost mutation: You are robust. (+10% HP) [potion of cure mutation]
  3539 | D:4      | Lost mutation: Your magical capacity is low. (-10% MP) [potion of cure mutation]
  3543 | D:4      | Quit the game

Vault maps used:
D:1:      ncdulo_lavacross
D:2:      lemuel_doored_altar, grunt_dithmenos_smoke, makhleb_altar_promises_db
D:3:      minmay_cupped
D:4:      kennysheep_mini_moat, minmay_bent

Skill      XL: |  1  2  3  4  5 |
---------------+----------------+-----
Axes           | 3 4 5 |  5.2
Armour         | 1 2 |  2.2
Fighting       | |  2.0
Throwing       | |  1.7
Dodging        | |  2.6

Action                   |  1- 3 |  4- 6 || total
-------------------------+-------+-------++-------
Melee: War axe           |   135 |    87 ||   222
  Use: Scroll            |     4 |     2 ||     6
       Potion            |       |     6 ||     6
 Stab: Sleeping          |     1 |       ||     1
  Eat: Chunk             |     1 |     3 ||     4
       Bread ration      |       |     1 ||     1
Armor: Leather armour    |     3 |       ||     3
       Chain mail        |   109 |    45 ||   154
Dodge: Dodged            |    88 |    34 ||   122
